Map: [ESL] Oceanborn

Players

Krystianer

  • Race: Protoss Protoss
  • Spawn Location: 11:00

SKillous - Winner!

  • Race: Protoss Protoss
  • Spawn Location: 5:00

Event: ESL SC2 Masters 2024 Spring (Regional)

VOD

Have the link to the VOD?

Description

Time

  • Played on: April 27, 2024, 11:22 a.m.
  • Length: 10:59

All games in this series

Show
View Real Time Build Order
Export as new Build Order

Krystianer Protoss 

Build Orders: Archon Immortal, Blink Stalkers 

Get SALT Encoding   

  12  0:00  Probe  
  13  0:12  Probe  
  14  0:16  Pylon  
  14  0:24  Probe (Chrono Boost)  
  16  0:36  Probe (Chrono Boost)  
  16  0:37  Gateway  
  16  0:41  Probe (Chrono Boost)  
  16  0:44  Assimilator  
  17  0:51  Probe  
  17  0:53  Assimilator  
  18  1:03  Probe (Chrono Boost)  
  19  1:06  Gateway  
  19  1:12  Probe (Chrono Boost)  
  19  1:18  Probe (Chrono Boost)  
  20  1:24  Cybernetics Core  
  21  1:30  Probe  
  22  1:34  Pylon  
  22  1:42  Probe  
  23  1:56  Probe  
  23  2:00  Warp Gate, Stalker x2  
  28  2:07  Pylon  
  28  2:08  Probe  
  29  2:20  Probe  
  34  2:42  Probe  
  34  2:43  Nexus  
  30  2:50  Twilight Council  
  30  2:51  Sentry  
  30  2:54  Probe (Chrono Boost)  
  33  3:05  Pylon, Probe (Chrono Boost)  
  34  3:10  Probe (Chrono Boost)  
  35  3:21  Probe (Chrono Boost)  
  35  3:24  Blink (Chrono Boost)  
  36  3:28  Probe (Chrono Boost)  
  39  3:35  Probe  
  40  3:45  Shield Battery  
  40  3:47  Probe  
  38  3:56  Probe  
  38  3:59  Probe  
  38  4:00  Stalker x2  
  42  4:06  Robotics Facility  
  42  4:08  Probe  
  43  4:11  Probe  
  44  4:20  Probe  
  44  4:23  Stalker x2, Probe  
  50  4:32  Probe  
  52  4:39  Nexus  
  52  4:42  Pylon  
  52  4:48  Stalker x2  
  52  4:51  Observer, Probe  
  52  4:52  Probe  
  58  5:01  Shield Battery  
  58  5:04  Probe  
  60  5:11  Stalker x2  
  60  5:14  Pylon, Immortal (Chrono Boost)  
  64  5:19  Probe  
  68  5:21  Probe  
  69  5:31  Probe  
  69  5:33  Probe  
  69  5:34  Forge  
  69  5:35  Adept x2  
  75  5:39  Observer  
  75  5:43  Probe  
  75  5:46  Probe (Chrono Boost)  
  77  5:52  Probe (Chrono Boost)  
  77  5:56  Stalker x2  
  81  6:01  Probe (Chrono Boost)  
  81  6:03  Probe x2 (Chrono Boost)  
  83  6:05  Observer  
  83  6:08  Probe (Chrono Boost)  
  83  6:09  Probe (Chrono Boost)  
  83  6:10  Probe (Chrono Boost)  
  87  6:18  Probe  
  87  6:20  Probe  
  87  6:22  Probe  
  87  6:23  Stalker x2  
  87  6:25  Protoss Ground Weapons Level 1  
  93  6:29  Gateway  
  93  6:30  Gateway  
  93  6:38  Gateway  
  93  6:39  Gateway  
  92  6:42  Assimilator, Gateway  
  92  6:43  Assimilator  
  92  6:44  Immortal (Chrono Boost)  
  93  6:49  Gateway  
  93  6:50  Pylon  
  93  6:53  Pylon  
  93  6:59  Pylon  
  93  7:01  Nexus  
  93  7:02  Pylon, Charge (Chrono Boost)  
  95  7:08  Probe x3  
  95  7:14  Immortal (Chrono Boost)  
  96  7:18  Zealot x2  
  96  7:21  Pylon  
  104  7:23  Probe x3  
  104  7:27  Zealot x2  
  104  7:29  Shield Battery  
  110  7:38  Templar Archives  
  110  7:39  Probe x2  
  110  7:43  Immortal (Chrono Boost)  
  112  7:46  Zealot x4  
  124  7:51  Pylon  
  124  7:55  Zealot x3  
  123  8:12  Nexus  
  123  8:13  Pylon  
  123  8:14  Zealot, High Templar x2  
  123  8:15  Zealot x2, Pylon  
  133  8:21  Pylon  
  133  8:23  Pylon  
  133  8:25  Pylon  
  133  8:27  Protoss Ground Weapons Level 2 (Chrono Boost)  
  133  8:28  Warp Prism (Chrono Boost)  
  133  8:32  Zealot x3  
  133  8:33  Archon  
  141  8:38  Pylon  
  141  8:40  Pylon  
  141  8:41  Zealot x3, Shield Battery  
  141  8:48  Zealot x2  
  151  8:58  Zealot, High Templar x2  
  157  9:03  Immortal (Chrono Boost)  
  157  9:09  Archon  
  159  9:13  Zealot x5  
  169  9:19  Probe  
  169  9:20  Probe  
  168  9:24  Probe  
  164  9:38  Zealot x8, Immortal  
  138  9:59  Zealot x7  
  100  10:19  High Templar  
  100  10:20  High Templar x3, Immortal (Chrono Boost)  
  100  10:21  Zealot x4  
  116  10:25  Archon x2  
  120  10:29  Photon Cannon  
  116  10:41  Shield Battery  
  116  10:42  Zealot x4  
  110  10:47  Shield Battery  
  110  10:49  Pylon  
  104  10:52  Zealot x4  
Show
View Real Time Build Order
Export as new Build Order

SKillous Protoss - Winner!

Build Orders: Phoenix Opening, Blink Stalkers 

Get SALT Encoding   

  12  0:00  Probe  
  13  0:12  Probe  
  14  0:17  Pylon  
  14  0:24  Probe (Chrono Boost)  
  15  0:36  Probe (Chrono Boost)  
  15  0:39  Gateway  
  16  0:44  Probe (Chrono Boost)  
  16  0:46  Assimilator  
  17  0:50  Probe  
  17  0:53  Assimilator  
  18  1:03  Probe (Chrono Boost)  
  19  1:08  Gateway  
  19  1:13  Probe (Chrono Boost)  
  19  1:18  Probe (Chrono Boost)  
  21  1:26  Cybernetics Core  
  21  1:29  Probe  
  22  1:34  Pylon  
  22  1:41  Probe  
  23  1:53  Probe  
  24  2:02  Warp Gate, Stalker  
  24  2:03  Sentry  
  24  2:05  Pylon  
  28  2:25  Probe  
  28  2:26  Sentry  
  31  2:33  Nexus  
  31  2:34  Phoenix  
  31  2:38  Probe  
  31  2:41  Sentry  
  34  2:50  Stalker, Probe  
  37  2:56  Pylon  
  37  3:04  Shield Battery  
  37  3:10  Probe  
  38  3:15  Twilight Council  
  38  3:22  Probe  
  39  3:34  Probe  
  39  3:39  Pylon  
  40  3:47  Probe  
  41  3:50  Blink (Chrono Boost)  
  41  3:53  Probe  
  42  3:59  Probe (Chrono Boost)  
  42  4:00  Stalker x2  
  47  4:05  Probe (Chrono Boost)  
  48  4:11  Probe (Chrono Boost)  
  48  4:14  Robotics Facility  
  48  4:16  Probe (Chrono Boost)  
  50  4:18  Probe (Chrono Boost)  
  50  4:21  Probe (Chrono Boost)  
  52  4:26  Stalker, Probe (Chrono Boost)  
  55  4:31  Probe (Chrono Boost)  
  57  4:40  Pylon  
  57  4:43  Probe x2 (Chrono Boost)  
  58  4:49  Nexus  
  58  4:50  Probe (Chrono Boost)  
  60  4:54  Probe (Chrono Boost)  
  60  4:58  Observer  
  60  5:02  Probe (Chrono Boost), Forge  
  60  5:06  Assimilator, Probe (Chrono Boost)  
  63  5:08  Probe  
  63  5:10  Shield Battery  
  63  5:12  Pylon  
  64  5:16  Probe  
  64  5:19  Observer  
  66  5:21  Probe (Chrono Boost)  
  66  5:24  Stalker  
  69  5:28  Probe (Chrono Boost)  
  69  5:30  Pylon  
  69  5:31  Protoss Ground Weapons Level 1 (Chrono Boost)  
  71  5:39  Probe (Chrono Boost)  
  71  5:40  Probe (Chrono Boost)  
  72  5:43  Pylon  
  72  5:44  Probe (Chrono Boost)  
  72  5:45  Probe (Chrono Boost)  
  72  5:48  Immortal (Chrono Boost)  
  78  5:55  Stalker x2  
  78  5:56  Probe  
  81  5:57  Probe  
  81  6:01  Probe  
  81  6:02  Resonating Glaives  
  83  6:15  Probe  
  83  6:17  Probe (Chrono Boost)  
  85  6:21  Gateway x2  
  85  6:22  Gateway  
  85  6:24  Gateway  
  81  6:25  Immortal (Chrono Boost)  
  81  6:30  Probe (Chrono Boost)  
  84  6:34  Stalker, Probe (Chrono Boost)  
  86  6:40  Probe (Chrono Boost)  
  86  6:42  Probe (Chrono Boost)  
  86  6:43  Probe  
  89  6:48  Assimilator  
  89  6:49  Warp Prism, Gateway  
  89  6:50  Gateway  
  89  6:54  Probe  
  90  6:55  Probe  
  90  6:56  Probe  
  94  7:03  Sentry  
  94  7:04  Pylon, Sentry  
  98  7:11  Probe  
  99  7:23  Pylon, Protoss Ground Weapons Level 2 (Chrono Boost)  
  99  7:25  Nexus  
  99  7:27  Pylon, Stalker x3  
  99  7:29  Observer  
  105  7:34  Stalker  
  107  7:48  Stalker x4  
  115  7:51  Adept x3  
  121  8:01  Adept  
  121  8:04  Pylon x2  
  121  8:06  Charge (Chrono Boost)  
  117  8:16  Observer  
  117  8:17  Immortal (Chrono Boost)  
  117  8:18  Probe x3  
  122  8:21  Zealot x3  
  128  8:28  Shield Battery  
  128  8:29  Shield Battery  
  128  8:30  Probe x3  
  128  8:31  Photon Cannon  
  131  8:38  Probe  
  132  8:45  Pylon  
  132  8:48  Pylon, Observer  
  132  8:51  Immortal (Chrono Boost)  
  132  8:53  Stalker x4  
  144  9:02  Gateway  
  144  9:03  Gateway  
  144  9:13  Shield Battery  
  144  9:14  Shield Battery  
  144  9:16  Shield Battery  
  144  9:18  Shield Battery  
  144  9:21  Zealot  
  144  9:22  Zealot x5  
  144  9:23  Adept x2  
  144  9:42  Adept x6  
  144  9:43  Adept x2  
  141  9:57  Zealot  
  123  10:04  Zealot x4  
  123  10:05  Zealot x5  
  123  10:06  Observer, Probe x2  
  123  10:07  Probe x2  
  131  10:21  Stalker  
  131  10:24  Stalker x3  
  131  10:25  Stalker x6  
  141  10:40  Nexus  
  141  10:41  Pylon  
  125  10:46  Zealot  
  125  10:49  Zealot x6  
  139  10:51  Stalker  
Tags
 
Add a new tag
Caveats
  • Supply blocks, unpowered buildings, or Contaminate may cause inaccurate times.
  • Supply counts are checked every 10 seconds.